 Dungeon Crawl Stone Soup version 0.28-a0-60-g54b5640690 (webtiles) character file.

Game seed: 7372232923041189139

626 rogsnak the Conjurer (level 7, -3/69 HPs)
             Began as a Demonspawn Fire Elementalist on July 31, 2021.
             Was an Initiate of Sif Muna.
             Slain by a gnoll shaman (7 damage)
             ... on level 5 of the Dungeon.
             The game lasted 00:09:40 (4538 turns).

rogsnak the Conjurer (Demonspawn Fire Elementalist) Turns: 4538, Time: 00:09:41

Health: -3/69      AC: 23    Str:  9    XL:     7   Next: 23%
Magic:  13/13      EV:  2    Int: 20    God:    Sif Muna [......]
Gold:   241        SH:  0    Dex: 13    Spells: 9/14 levels left

rFire   + . .      SeeInvis .   q - staff of fire
rCold   . . .      Faith    .   (no shield)
rNeg    + + +      Spirit   .   (armour currently unavailable)
rPois   +          Reflect  .   (helmet currently unavailable)
rElec   .          Harm     .   (cloak currently unavailable)
rCorr   .          Rampage  .   (gloves currently unavailable)
Will    .....      Clarity  +   (boots currently unavailable) Stlth ++........NoTele +
                                (no amulet)
HPRegen 0.21/turn               c - ring of wizardry
MPRegen 0.13/turn               (no ring)

@: brilliant, tree-form
A: stationary, stasis, torment immunity, boosted hp, (talons 2), ignite blood 1,
demonic magic 1, clarity, clever 1, deterioration 1
a: Renounce Religion


You were on level 5 of the Dungeon.
You worshipped Sif Muna.
Sif Muna was noncommittal.
You were a tree.
You visited 2 branches of the dungeon, and saw 6 of its levels.

You collected 241 gold pieces.

Inventory:

Hand Weapons
 j - a +0 dagger
Missiles
 g - 138 stones
 r - 5 boomerangs
 u - 2 poisoned darts
Armour
 a - a +0 robe (melded)
 s - a +0 cloak (melded)
Magical Staves
 n - a staff of death
 q - a staff of fire (weapon)
Jewellery
 c - a ring of wizardry (left branch)
Wands
 v - a wand of acid (6)
Scrolls
 b - a scroll of acquirement {unknown}
 e - a scroll of noise {unknown}
 f - a scroll of vulnerability {unknown}
 h - 2 scrolls of amnesia {unknown}
 k - a scroll of magic mapping {unknown}
 m - 2 scrolls of identify {unknown}
 o - a scroll of fog {unknown}
 t - a scroll of fear {unknown}
Potions
 d - a potion of brilliance
 l - a potion of magic
 p - a potion of lignification


   Skills:
 + Level 2.0 Dodging
 - Level 2.0 Stealth
 + Level 4.1 Spellcasting
 * Level 5.2 Conjurations
 + Level 4.4 Fire Magic


You had 9 spell levels left.
You knew the following spells:

 Your Spells              Type           Power      Damage    Failure   Level
a - Foxfire               Conj/Fire      100%       2x1d9     1%          1
b - Sticky Flame          Conj/Fire      52%        2d7       7%          4

Your spell library contained the following spells:

 Spells                   Type           Power      Damage    Failure   Level
 Conjure Flame            Conj/Fire      52%        6-21      2%          3
 Inner Flame              Hex/Fire       29%        N/A       6%          3
 Fireball                 Conj/Fire      26%        3d12      19%         5


Dungeon Overview and Level Annotations

Branches:
Dungeon (5/15)             Temple (1/1) D:4

Altars:
Ashenzari
Cheibriados
Dithmenos
Elyvilon
Fedhas
Gozag
Hepliaklqana
Kikubaaqudgha
Nemelex Xobeh
Okawaru
Qazlal
Ru
Sif Muna
Trog
Uskayaw
Vehumet
Wu Jian
Xom
Yredelemnul
Zin
The Shining One

Shops:
D:2 (


Innate Abilities, Weirdness & Mutations

You are a tree.
Your roots penetrate the ground, keeping you stationary.
You cannot be teleported.
You are immune to unholy pain and torment.
Your maximum health is greatly increased.
Your equipment is partially melded.
((You have razor-sharp toenails.))
Your demonic aura sometimes causes spilled blood to erupt in flames.
Spells you cast may paralyse adjacent enemies.
You possess an exceptional clarity of mind.
Your mind is acute. (Int +2)
Your body sometimes deteriorates upon taking damage.


Message History

Unknown command.
You cannot move. (Use ctrl+direction or * direction to attack without moving.) Unknown command.
Unknown command.
Unknown command.
You cannot move. (Use ctrl+direction or * direction to attack without moving.) Unknown command.
Unknown command.
Press: ? - help, v - describe, . - travel The floor.
You swing at nothing.
The gnoll shaman hits you but does no damage.
Unknown command.
You are too confused!
You swing at nothing.
Something hits you but does no damage.
The gnoll shaman hits you but does no damage.
Something hits you but does no damage.
Confused hit: q) staff of fire
Press: ? - help, Dir - move target, f - gnoll shaman
Aim: a gnoll shaman, wielding a +0 whip and wearing a +0 leather armour (heavily wounded, about 54% to evade your staff of fire)
You barely miss the gnoll shaman.
The gnoll shaman is heavily wounded.
You feel less confused.
The gnoll shaman hits you but does no damage.
Something hits you but does no damage.
The gnoll shaman hits you with a +0 whip.
* * * LOW HITPOINT WARNING * * *
Unknown command.
Hit: q) staff of fire
Press: ? - help, Dir - move target, f/p - gnoll shaman
Aim: a gnoll shaman, wielding a +0 whip and wearing a +0 leather armour (heavily wounded, about 36% to evade your staff of fire)
Okay, then.
Hit: q) staff of fire
Press: ? - help, Dir - move target, p - gnoll shaman You miss something.
You hear some strange, mumbled words.
A magic dart appears from out of thin air!
The magic dart hits you but does no damage.
The gnoll shaman hits you with a +0 whip!
You die...

.l##......#...#...#
###......##...##.##
##......####...#..#
#......## #...##.#
......## ##...#.#
.....## #...###
....## ##...# ...##
#.{g## ..## ##.♣.#
.## +...# ##
####.###.###
#...........
#..#####.### #..# #
#..#####.#
#........#
#.###.####


You could see a gnoll shaman.

Vanquished Creatures
  Eustachio (D:5)
  A sky beast (D:5)
  A necrophage (D:4)
  A centaur (D:5)
  A jelly (D:5)
  2 hounds
  An iguana (D:5)
  4 adders
  3 ufetubi
  3 worms
  A dart slug (D:4)
  3 orcs
  9 ball pythons
  3 bats (D:1)
  5 endoplasms
  7 giant cockroaches
  A goblin (D:1)
  4 hobgoblins
  7 jackals
  5 kobolds
  A quokka (D:5)
  A frilled lizard (D:1)
  A rat (D:2)
66 creatures vanquished.

Vanquished Creatures (others)
  277 foxfires
277 creatures vanquished.

Grand Total: 343 creatures vanquished

Notes
Turn   | Place    | Note
-------+----------+-------------------------------------------
     0 | D:1      | rogsnak the Demonspawn Fire Elementalist began the quest
                  | for the Orb.
     0 | D:1      | Reached XP level 1. HP: 13/13 MP: 3/3
   391 | D:1      | Gained mutation: Your demonic aura sometimes causes spilled
                  | blood to erupt in flames. [demonic ancestry]
   391 | D:1      | Reached XP level 2. HP: 19/19 MP: 1/5
  1116 | D:1      | Found a faded altar of an unknown god.
  1363 | D:2      | Gained mutation: You have sharp toenails. [demonic
                  | ancestry]
  1363 | D:2      | Reached XP level 3. HP: 20/24 MP: 0/6
  1585 | D:2      | Found Palo Teu's Antique Weapon Shoppe.
  2064 | D:3      | Reached skill level 2 in Conjurations
  2253 | D:3      | Gained mutation: You have razor-sharp toenails. [demonic
                  | ancestry]
  2253 | D:3      | Reached XP level 4. HP: 20/30 MP: 0/7
  2726 | D:4      | Noticed a necrophage
  2830 | D:3      | Learned a level 4 spell: Sticky Flame
  2991 | D:4      | Found a staircase to the Ecumenical Temple.
  3000 | Temple   | Entered the Ecumenical Temple
  3110 | Temple   | Became a worshipper of Sif Muna the Loreminder
  3559 | D:4      | Gained mutation: Spells you cast may paralyse adjacent
                  | enemies. [demonic ancestry]
  3559 | D:4      | Reached XP level 5. HP: 35/35 MP: 7/9
  3582 | D:4      | Reached skill level 3 in Conjurations
  3667 | D:4      | Killed a necrophage
  4129 | D:5      | Entered Level 5 of the Dungeon
  4168 | D:5      | Noticed Eustachio
  4188 | D:5      | Killed Eustachio
  4189 | D:5      | Reached skill level 4 in Conjurations
  4189 | D:5      | Reached XP level 6. HP: 38/41 MP: 1/11
  4396 | D:5      | Noticed a sky beast
  4410 | D:5      | Killed a sky beast
  4411 | D:5      | Reached skill level 5 in Conjurations
  4411 | D:5      | Reached XP level 7. HP: 46/46 MP: 4/13
  4534 | D:5      | Gained mutation: You possess an exceptional clarity of
                  | mind. [potion of mutation]
  4534 | D:5      | Gained mutation: Your mind is acute. (Int +2) [potion of
                  | mutation]
  4534 | D:5      | Gained mutation: Your body sometimes deteriorates upon
                  | taking damage. [potion of mutation]
  4538 | D:5      | Slain by a gnoll shaman

Illustrated notes

Levels and vault maps discovered:
D:1:      lightli_molten_gateway, layout_basic,
          shapermc_ecumenical_altar_totnotflames
D:2:      layout_rooms, serial_shops, shop
D:3:      layout_rooms
D:4:      layout_basic, minmay_temple_entry_junction_2,
          kennysheep_generic_room_10
D:5:      minmay_razor_zed, layout_loops_ring, kennysheep_generic_room_9,
          uniq_eustachio, uniq_duvessa
Temple:   kilobyte_greek_temple

Skill      XL: |  1  2  3  4  5  6 |
---------------+-------------------+-----
Fire Magic     | 3 4 |  4.4
Stealth        | 2 |  2.0
Conjurations   | 2 4 5 |  5.2
Dodging        | 2 |  2.0
Spellcasting   | 3 4 |  4.1

Action                   |  1- 3 |  4- 6 |  7- 9 || total
-------------------------+-------+-------+-------++-------
Melee: Unarmed           |    10 |       |       ||    10
       Dagger            |    20 |     1 |       ||    21
       Kick              |     3 |       |       ||     3
       Staff             |       |     2 |     2 ||     4
 Cast: Foxfire           |    84 |    79 |    14 ||   177
  Use: Potion            |       |       |     5 ||     5
 Stab: Sleeping          |     7 |       |       ||     7
Armor: Robe              |    10 |     3 |     3 ||    16
       Skin              |       |       |     9 ||     9
Dodge: Dodged            |    26 |    13 |     7 ||    46

Table legend: (Time is in decaauts)
 A = Elapsed time spent in this place.
 B = Non-inter-level travel time spent in this place.
 C = Inter-level travel time spent in this place.
 D = Time resting spent in this place.
 E = Time spent auto-exploring this place.
 F = Levels seen in this place.
 G = Mean time per level.
                   A        B        C        D        E       F      G
               +--------+--------+--------+--------+--------+-----+--------+
         Total |   4538 |   4450 |     88 |    394 |   3317 |   6 |  756.3 |
       Dungeon |   4398 |   4310 |     88 |    394 |   3223 |   5 |  879.6 |
        Temple |    140 |    140 |      0 |      0 |     94 |   1 |  140.0 |
               +--------+--------+--------+--------+--------+-----+--------+

Top non-repeatable levels by time:
     D:1: 1370 daAuts
     D:4: 1214 daAuts
     D:3: 716 daAuts
     D:2: 687 daAuts
     D:5: 409 daAuts
  Temple: 140 daAuts
